 Dungeon Sprint DCSS version 0.31.0-12-g77e489cdc1 (webtiles) character file.

Game seed: 6935647696193170054

69775 Heoruswealwe the Minotaur Porcupine (level 14, -5/160 HPs)
             Began as a Minotaur Fighter on Feb 13, 2024.
             Was an Initiate of Gozag.
             Slain by Frederick
             ... wielding a +2 demon whip of electrocution
              (15 damage)
             ... in the Dungeon (Sprint IX: "|||||||||||||||||||||||||||||").
             The game lasted 00:51:43 (7783 turns).

Heoruswealwe the Minotaur Porcupine (MiFi)          Turns: 7783, Time: 00:51:52

Health: -5/160     AC: 35    Str: 26    XL:     14   Next: 91%
Magic:  13/13      EV: 10    Int:  5    God:    Gozag
Gold:   1329       SH: 18    Dex: 10    Spells: 13/13 levels left

rFire   + . .        a - +12 lance "Wyrmbane" {slay drac, rPois rF+ rC+ AC+3}
rCold   + . .        d - +0 tower shield
rNeg    . . .        c - +0 crystal plate armour
rPois   +            g - +0 hat
rElec   .            (no cloak)
rCorr   .            (no gloves)
SInv    .            e - +1 pair of boots {Fly}
Will    +....        (no amulet) Stlth
                     k - +2 ring of slaying
HPRegen 0.46/turn    j - +2 ring of slaying
MPRegen 0.13/turn

%: no teleportation
@: flying
A: horns 2, retaliatory headbutt
a: Renounce Religion, Potion Petition, Call Merchant, Bribe Branch


You were in the Dungeon.
You worshipped Gozag.
Gozag was most pleased with you.
You visited 1 branch You collected 19005 gold pieces.
You spent 11719 gold pieces at shops.
You paid 5957 gold pieces to Gozag.

Inventory:

Hand Weapons
 a - the +12 lance "Wyrmbane" (weapon) {slay drac, rPois rF+ rC+ AC+3}
   (You bought it in a shop in the Dungeon)

   AC+3:      It affects your AC (+3).
   rF+:       It protects you from fire.
   rC+:       It protects you from cold.
   rPois:     It protects you from poison
 b - a +0 bardiche
 i - a +5 demon trident
Armour
 c - a +0 crystal plate armour (worn)
 d - a +0 tower shield (worn)
 e - a +1 pair of boots of flying (worn)
 g - a +0 hat (worn)
 A - the +5 robe of Night {Dark Will+ SInv}
   (You bought it in a shop in the Dungeon)

   Dark:      It shrouds the wearer in darkness, reducing the range at which
   they can see and be seen by others.
   Will+:     It increases your willpower.
   SInv:      It lets you see invisible.
Jewellery
 j - a +2 ring of slaying (right hand)
 k - a +2 ring of slaying (left hand)
Wands
 h - a wand of iceblast (10)
Scrolls
 n - 7 scrolls of enchant armour
 o - 9 scrolls of identify
 p - 10 scrolls of enchant weapon
 q - 2 scrolls of blinking
Potions
 f - 3 potions of resistance
 l - 6 potions of curing
 m - 2 potions of might
 r - 4 potions of mutation
 s - 3 potions of berserk rage
 t - 2 potions of cancellation
 v - 2 potions of haste
 w - 3 potions of heal wounds
Miscellaneous
 u - a phantom mirror
 x - a phial of floods


   Skills:
 + Level 24.6 Fighting
 O Level 27 Polearms
 + Level 24.6 Armour
 + Level 14.4 Dodging
 + Level 16.0 Shields
 - Level 11.9 Evocations
 + Level 2.2 Shapeshifting


You had 13 spell levels left.
You didn't know any spells.
Your spell library was empty.

Dungeon Overview and Level Annotations

Branches:
Dungeon (1/1)

Altars:
Cheibriados
Dithmenos
Elyvilon
Fedhas
Gozag
Hepliaklqana
Kikubaaqudgha
Makhleb
Nemelex Xobeh
Okawaru
Qazlal
Ru
Sif Muna
Trog
Uskayaw
Vehumet
Wu Jian
Xom
Yredelemnul
Zin
The Shining One
Jiyva
Lugonu

Shops:
D =[*[[*!(*[

Annotations:
D Frederick


Innate Abilities, Weirdness & Mutations

You have a pair of horns on your head.
You reflexively headbutt those who attack you in melee.


Message History

You closely miss Frederick.
Frederick is lightly wounded.
You block Frederick's attack.
You impale Frederick!!
Frederick is moderately wounded.
You block Frederick's attack.
You impale Frederick!!
Frederick is moderately wounded.
You impale Frederick!! Your headbutt misses Frederick.
Frederick is heavily wounded.
You block Frederick's attack.
You closely miss Frederick. Your headbutt misses Frederick.
Frederick is heavily wounded.
You closely miss Frederick.
You headbutt Frederick, but do no damage.
Frederick is heavily wounded.
Frederick says, "Killing you would be a chore, not a joy."
Frederick gestures at you while chanting.
The iron shot hits you!
Frederick is knocked back by the blast.
Frederick gestures wildly while chanting.
Frederick summons a servant imbued with his destructive magic!
You barely miss Frederick.
Frederick is heavily wounded.
Frederick gestures wildly while chanting.
The bolt of lightning misses you. The fiery plasma hits you! You resist.
* * * LOW HITPOINT WARNING * * *
You impale Frederick!! You headbutt Frederick!
Frederick is severely wounded.
You closely miss Frederick.
Frederick is severely wounded.
Frederick hits you with a +2 demon whip of electrocution!
* * * LOW HITPOINT WARNING * * *
You hit Frederick.
Frederick is severely wounded.
Frederick hits you with a +2 demon whip of electrocution!!
* * * LOW HITPOINT WARNING * * *
You are electrocuted!
You die...
Frederick pines for a worthy opponent.
Your body crumbles into a pile of gold.

▓.▓.▓.▓.▓.♣.♣.▓.▓.
▓.▓.▓.▓.▓.♣.♣.▓.▓.
▓.▓.▓.▓.▓.♣.♣.▓.▓.
▓.▓!▓.▓.▓.♣'♣.▓.▓.
▓.▓.▓.▓.▓.▓)▓.▓.▓.
▓.▓.▓.▓.▓.▓.▓.▓[▓.
▓.▓.▓.▓.▓.▓.▓.▓'▓(
▓.▓.▓.▓.▓.▓.▓.▓.▓.
▓@▓.▓.▓.▓.▓.▓.▓.▓.
▓@▓.▓.▓.▓.▓.▓.▓.▓.
▓9▓.▓.▓.▓.▓.▓.▓.▓.
▓.▓.▓.▓.▓.▓.▓.▓.▓.
▓.▓[▓.▓[▓.▓.▓.▓.▓.
▓.▓[▓.▓.▓.▓'▓.▓.▓.
▓.▓[▓.▓.▓.▓.▓.▓.▓.
▓.▓[▓.▓.▓.▓.▓.▓?▓.
▓[▓.▓.▓.▓.▓.▓.▓.


You could see Frederick and a spellforged servitor (summoned).

Vanquished Creatures
  Mennas (D)
  A quicksilver dragon (D)
  A fenstrider witch (D)
  2 frost giants (D)
  An orc warlord (D)
  A ghost moth (D)
  2 vault wardens (D)
  4 ironbound preservers (D)
  2 very ugly things (D)
  6 stone giants (D)
  2 ironbound thunderhulks (D)
  A vampire knight (D)
  Nessos (D)
  Azrael (D)
  A bunyip (D)
  Josephine (D)
  2 merfolk impalers (D)
  3 yaktaur captains (D)
  An entropy weaver (D)
  2 ice dragons (D)
  A peacekeeper (D)
  2 hydras (D)
  2 centaur warriors (D)
  2 rakshasas (D)
  A great orb of eyes (D)
  2 alligators (D)
  2 ironbound frosthearts (D)
  A spriggan air mage (D)
  An anaconda (D)
  2 boulder beetles (D)
  3 deep troll shamans (D)
  Urug (D)
  A tengu warrior (D)
  2 naga sharpshooters (D)
  A hell knight (D)
  A vampire mage (D)
  A shock serpent (D)
  A spriggan berserker (D)
  A demonic crawler (D)
  An occultist (D)
  Sonja (D)
  A skyshark (D)
  A sea snake (D)
  A deep troll (shapeshifter) (D)
  3 orc knights (D)
  A lindwurm (D)
  A wolf spider (D)
  3 swamp dragons (D)
  A deep elf pyromancer (D)
  8 orc sorcerers (D)
  A will-o-the-wisp (D)
  A cyclops (D)
  An ugly thing (D)
  A moth of wrath (D)
  3 manticores (D)
  2 water nymphs (D)
  2 black mambas (D)
  A vault sentinel (D)
  A naga mage (D)
  2 torpor snails (D)
  A guardian serpent (D)
  A cane toad (D)
  2 kobold demonologists (D)
  A rime drake (D)
  A komodo dragon (D)
  3 trolls (D)
  8 polar bears (D)
  A hornet (D)
  A tarantella (D)
  A glass eye (D)
  A snapping turtle (D)
  A slime creature (D)
  A blink frog (D)
  2 culicivoras (D)
  A spriggan (D)
  2 basilisks (D)
  3 fire elementals (D)
  2 yaks (D)
  3 wraiths (D)
  2 wyverns (D)
  A naga (D)
  2 water moccasins (D)
  3 hell hounds (D)
  8 orc warriors (D)
  A black bear (D)
  2 wolves (D)
  2 ogres (D)
  A boggart (D)
  2 bullfrogs (D)
  A wight (D)
  A hound (D)
  3 orc priests (D)
  13 orc wizards (D)
  An adder (D)
  An ufetubus (D)
  5 orcs (D)
  A bat (D)
  An endoplasm (D)
  A goblin (D)
  2 frilled lizards (D)
191 creatures vanquished.

Vanquished Creatures (others)
  2 foxfires (D)
2 creatures vanquished.

Grand Total: 193 creatures vanquished

Notes
Turn   | Place    | Note
-------+----------+-------------------------------------------
     0 | D        | Heoruswealwe the Minotaur Fighter began the quest for the
                  | Orb.
     0 | D        | Reached XP level 1. HP: 19/19 MP: 0/0
     9 | D        | Reached skill level 3 in Polearms
    36 | D        | Noticed an ogre
    36 | D        | Noticed a hound
    36 | D        | Noticed an ogre
    39 | D        | Killed an ogre
    40 | D        | Reached skill level 7 in Polearms
    40 | D        | Reached XP level 2. HP: 30/30 MP: 1/1
    40 | D        | Reached XP level 3. HP: 37/37 MP: 2/2
    40 | D        | Reached XP level 4. HP: 44/44 MP: 3/3
    48 | D        | Reached skill level 8 in Polearms
    62 | D        | Killed an ogre
    63 | D        | Reached skill level 10 in Polearms
    63 | D        | Reached XP level 5. HP: 8/53 MP: 4/4
    72 | D        | Found a snail-covered altar of Cheibriados.
    72 | D        | Found a shadowy altar of Dithmenos.
    72 | D        | Found a white marble altar of Elyvilon.
    72 | D        | Found a blossoming altar of Fedhas.
    72 | D        | Found an opulent altar of Gozag.
    73 | D        | Found a hazy altar of Hepliaklqana.
    74 | D        | Found a viscous altar of Jiyva.
    75 | D        | Found an ancient bone altar of Kikubaaqudgha.
    76 | D        | Found a corrupted altar of Lugonu.
    77 | D        | Found a burning altar of Makhleb.
    78 | D        | Found a sparkling altar of Nemelex Xobeh.
    79 | D        | Found an iron altar of Okawaru.
    80 | D        | Became a worshipper of Gozag Ym Sagoz the Greedy
    81 | D        | Found a stormy altar of Qazlal.
    82 | D        | Found a sacrificial altar of Ru.
    83 | D        | Found a shimmering blue altar of Sif Muna.
    84 | D        | Found a bloodstained altar of Trog.
    85 | D        | Found a hide-covered altar of Uskayaw.
    86 | D        | Found a radiant altar of Vehumet.
    87 | D        | Found an ornate altar of the Wu Jian Council.
    88 | D        | Found a shimmering altar of Xom.
    89 | D        | Found a basalt altar of Yredelemnul.
    90 | D        | Found a glowing silver altar of Zin.
    91 | D        | Found a glowing golden altar of the Shining One.
   240 | D        | Noticed a troll
   240 | D        | Noticed a kobold demonologist
   240 | D        | Noticed a troll
   240 | D        | Noticed a wyvern
   240 | D        | Noticed a kobold demonologist
   250 | D        | Killed a kobold demonologist
   251 | D        | Reached skill level 12 in Polearms
   251 | D        | Reached XP level 6. HP: 55/66 MP: 5/5
   254 | D        | Killed a wyvern
   255 | D        | Reached skill level 10 in Fighting
   255 | D        | Reached skill level 13 in Polearms
   255 | D        | Reached skill level 10 in Armour
   255 | D        | Reached XP level 7. HP: 53/72 MP: 6/6
   263 | D        | Killed a troll
   264 | D        | Reached skill level 14 in Polearms
   273 | D        | Killed a kobold demonologist
   274 | D        | Reached skill level 15 in Polearms
   274 | D        | Reached XP level 8. HP: 47/82 MP: 7/7
   286 | D        | Killed a troll
   442 | D        | Noticed a troll
   442 | D        | Noticed an eight-headed hydra
   442 | D        | Noticed a slime creature
   442 | D        | Noticed a deep elf pyromancer
   446 | D        | Killed a deep elf pyromancer
   447 | D        | Reached skill level 16 in Polearms
   456 | D        | Killed a slime creature
   462 | D        | Killed an 11-headed hydra
   463 | D        | Reached skill level 17 in Polearms
   463 | D        | Reached XP level 9. HP: 93/93 MP: 8/8
   469 | D        | Killed a troll
   470 | D        | Reached skill level 18 in Polearms
   636 | D        | Noticed a polar bear
   642 | D        | Noticed a rime drake
   656 | D        | Killed a polar bear
   657 | D        | Reached skill level 19 in Polearms
   659 | D        | Killed a rime drake
   660 | D        | Reached XP level 10. HP: 92/104 MP: 9/9
   693 | D        | Noticed a four-headed hydra
   693 | D        | Noticed a skyshark
   693 | D        | Noticed a torpor snail
   698 | D        | Killed a torpor snail
   705 | D        | Killed a skyshark
   706 | D        | Reached skill level 15 in Fighting
   706 | D        | Reached skill level 20 in Polearms
   706 | D        | Reached skill level 15 in Armour
   710 | D        | Killed an eight-headed hydra
   714 | D        | Noticed a cane toad
   726 | D        | Reached skill level 21 in Polearms
   730 | D        | Killed a cane toad
   908 | D        | Reached XP level 11. HP: 89/115 MP: 10/10
   915 | D        | Reached skill level 22 in Polearms
   986 | D        | Noticed Sonja
   996 | D        | Killed Sonja
  1438 | D        | Noticed an orc knight
  1438 | D        | Noticed an orc knight
  1448 | D        | Killed an orc knight
  1460 | D        | Killed an orc knight
  1482 | D        | Reached skill level 23 in Polearms
  1486 | D        | Noticed an orc knight
  1509 | D        | Killed an orc knight
  1759 | D        | Found Sogots's Antique Armour Boutique.
  1759 | D        | Noticed an orc sorcerer
  1759 | D        | Noticed an orc sorcerer
  1759 | D        | Noticed an orc sorcerer
  1760 | D        | Noticed an orc sorcerer
  1764 | D        | Killed an orc sorcerer
  1771 | D        | Killed an orc sorcerer
  1771 | D        | Noticed an orc sorcerer
  1778 | D        | Killed an orc sorcerer
  1785 | D        | Killed an orc sorcerer
  1797 | D        | Killed an orc sorcerer
  1798 | D        | Reached skill level 24 in Polearms
  1802 | D        | Noticed an orc sorcerer
  1807 | D        | Paralysed by an orc sorcerer for 4 turns
  1816 | D        | Killed an orc sorcerer
  1824 | D        | Found Worufuts's General Store.
  1998 | D        | Found Beanuyrch's Weapon Boutique.
  2002 | D        | Found Vuemejui's Distillery.
  2005 | D        | Noticed an orc sorcerer
  2030 | D        | Killed an orc sorcerer
  2058 | D        | Noticed an orc sorcerer
  2078 | D        | Noticed a sixfirhy
  2078 | D        | Killed an orc sorcerer
  2267 | D        | Bought a scroll of identify for 28 gold pieces
  2267 | D        | Bought a scroll of blinking for 105 gold pieces
  2267 | D        | Bought a potion of degeneration for 14 gold pieces
  2267 | D        | Bought a scroll of identify for 28 gold pieces
  2269 | D        | Bought a +1 glaive of venom for 177 gold pieces
  2271 | D        | Bought a potion of curing for 39 gold pieces
  2271 | D        | Bought a potion of mutation for 104 gold pieces
  2271 | D        | Bought a potion of curing for 39 gold pieces
  2271 | D        | Bought a potion of mutation for 104 gold pieces
  2271 | D        | Bought a potion of might for 52 gold pieces
  2271 | D        | Bought a potion of lignification for 39 gold pieces
  2271 | D        | Bought a potion of cancellation for 104 gold pieces
  2271 | D        | Bought a potion of enlightenment for 65 gold pieces
  2274 | D        | Bought a scroll of identify for 54 gold pieces
  2274 | D        | Bought the +8 lance "Wyrmbane" {slay drac, rPois rF+ rC+
                  | AC+3} for 2181 gold pieces
  2274 | D        | Found the +8 lance "Wyrmbane" {slay drac, rPois rF+ rC+
                  | AC+3}
  2274 | D        | Bought a black potion for 24 gold pieces
  2274 | D        | Bought a phial of floods for 1080 gold pieces
  2274 | D        | Bought a scroll of enchant armour for 202 gold pieces
  2274 | D        | Bought a potion of cancellation for 216 gold pieces
  2277 | D        | Bought a pair of runed boots for 202 gold pieces
  2277 | D        | Bought a pair of glowing boots for 202 gold pieces
  2332 | D        | Bought the +5 robe of Night {Dark Will+ SInv} for 1620 gold
                  | pieces
  2332 | D        | Found the +5 robe of Night {Dark Will+ SInv}
  2361 | D        | Noticed Urug
  2377 | D        | Killed Urug
  2619 | D        | Noticed an occultist
  2619 | D        | Noticed a centaur warrior
  2619 | D        | Noticed a centaur warrior
  2619 | D        | Noticed a tengu warrior
  2627 | D        | Noticed an entropy weaver
  2630 | D        | Killed a tengu warrior
  2634 | D        | Killed a centaur warrior
  2635 | D        | Reached skill level 25 in Polearms
  2635 | D        | Reached XP level 12. HP: 103/128 MP: 11/11
  2645 | D        | Killed a centaur warrior
  2845 | D        | Noticed a rakshasa
  2845 | D        | Noticed a vampire mage
  2846 | D        | Noticed a deep troll shaman
  2865 | D        | Noticed a frost giant
  2874 | D        | Noticed a stone giant
  2877 | D        | Killed a vampire mage
  2885 | D        | Killed a deep troll shaman
  2894 | D        | Killed a frost giant
  2895 | D        | Reached skill level 26 in Polearms
  2914 | D        | Killed a stone giant
  2931 | D        | Killed a rakshasa
  3211 | D        | Noticed a vampire knight
  3211 | D        | Noticed a rakshasa
  3218 | D        | Killed a vampire knight
  3229 | D        | Killed a rakshasa
  3375 | D        | Noticed Nessos
  3389 | D        | Killed Nessos
  3501 | D        | Noticed Azrael
  3508 | D        | Reached skill level 27 in Polearms
  3532 | D        | Killed Azrael
  3533 | D        | Reached skill level 1 in Evocations
  3812 | D        | Noticed a merfolk impaler
  3819 | D        | Reached skill level 5 in Shields
  3836 | D        | Killed a merfolk impaler
  3837 | D        | Reached XP level 13. HP: 110/141 MP: 12/12
  3838 | D        | Noticed a merfolk impaler
  3867 | D        | Killed a merfolk impaler
  4321 | D        | Bought a crystal plate armour for 2160 gold pieces
  4321 | D        | Bought a spiked barding for 756 gold pieces
  4321 | D        | Identified the +0 barding of Sin {Dex+2} (You bought it in
                  | a shop in the Dungeon)
  4604 | D        | Reached skill level 5 in Dodging
  4648 | D        | Reached skill level 5 in Evocations
  4936 | D        | Killed a ghost moth
  5432 | D        | Noticed a bunyip
  5432 | D        | Noticed a fenstrider witch
  5442 | D        | Killed a fenstrider witch
  5459 | D        | Reached skill level 10 in Shields
  5466 | D        | Killed a bunyip
  5607 | D        | Bought a scroll of identify for 60 gold pieces
  5607 | D        | Bought 2 yellow potions for 54 gold pieces
  5607 | D        | Bought a potion of haste for 300 gold pieces
  5607 | D        | Bought 2 potions of berserk rage for 300 gold pieces
  5607 | D        | Bought a dented cameo amulet for 150 gold pieces
  5607 | D        | Bought a scroll of identify for 60 gold pieces
  5695 | D        | Noticed Josephine
  5704 | D        | Killed Josephine
  5760 | D        | Noticed a frost giant
  5760 | D        | Noticed a stone giant
  5766 | D        | Noticed a red very ugly thing
  5767 | D        | Killed a stone giant
  5778 | D        | Noticed a stone giant
  5783 | D        | Reached skill level 10 in Dodging
  5788 | D        | Noticed a stone giant
  5789 | D        | Killed a frost giant
  5804 | D        | Noticed a quicksilver dragon
  5810 | D        | Killed a red very ugly thing
  5811 | D        | Reached XP level 14. HP: 60/155 MP: 13/13
  5818 | D        | Noticed a stone giant
  5821 | D        | Killed a stone giant
  5833 | D        | Killed a stone giant
  6045 | D        | Killed a quicksilver dragon
  6046 | D        | Noticed a stone giant
  6053 | D        | Killed a stone giant
  6080 | D        | Killed a stone giant
  6111 | D        | Noticed a brown very ugly thing
  6126 | D        | Killed a brown very ugly thing
  6127 | D        | Reached skill level 10 in Evocations
  6419 | D        | Bought a phantom mirror for 1200 gold pieces
  6551 | D        | Noticed an ironbound preserver
  6551 | D        | Noticed an ironbound thunderhulk
  6551 | D        | Noticed an ironbound thunderhulk
  6554 | D        | Noticed an orc warlord
  6563 | D        | Killed an ironbound thunderhulk
  6583 | D        | Killed an ironbound thunderhulk
  6596 | D        | Killed an ironbound preserver
  6614 | D        | Killed an orc warlord
  6616 | D        | Noticed an ironbound preserver
  6625 | D        | Noticed a vault warden
  6628 | D        | Noticed an ironbound preserver
  6632 | D        | Noticed a vault warden
  6637 | D        | Killed an ironbound preserver
  6652 | D        | Killed a vault warden
  6674 | D        | Killed a vault warden
  6676 | D        | Killed an ironbound preserver
  6691 | D        | Noticed an ironbound preserver
  6695 | D        | Reached skill level 15 in Shields
  7058 | D        | Killed an ironbound preserver
  7467 | D        | Noticed Mennas
  7511 | D        | Killed Mennas
  7759 | D        | Identified the orb of Defiance {*channel, Will+ Regen+
                  | Earth}
  7759 | D        | Noticed Frederick
  7783 | D        | Slain by Frederick

Illustrated notes

Levels and vault maps discovered:
D:        linesprint [early_d, line_temple, items_1, d_10, items_2, lair_1,
          lair_end, items_3, orc_1, orc_end, items_4, d_15, swamp_1, shoals_1,
          snake_1, spider_1, d_20, vaults_1, items_5, swamp_end, shoals_end,
          snake_end, spider_end, vaults_end, d_27, items_6, zot_1, zot_end,
          crypt_end, forest_end, elf_end, slime_end, tomb_end, abyss_end,
          pan_hell_end]

Skill      XL: |  1  2  3  4  5  6  7  8  9 10 11 12 13 14 |
---------------+-------------------------------------------+-----
Polearms       | 7 10 12 13 15 17 19 21 25 27 | 27.0
Fighting       | 6 7 9 10 11 13 14 16 18 20 22 24 | 24.6
Armour         | 6 7 9 10 11 13 14 16 18 20 22 24 | 24.6
Dodging        | 4 10 14 | 14.4
Shields        | 5 12 16 | 16.0
Evocations     | 3 8 11 | 11.9
Shapeshifting  | 2 |  2.2

Action                     |  1- 3 |  4- 6 |  7- 9 | 10-12 | 13-15 || total
---------------------------+-------+-------+-------+-------+-------++-------
  Melee: Trident           |    20 |    40 |    32 |       |       ||    92
         Headbutt          |     5 |     3 |    24 |    89 |   126 ||   247
         Halberd           |       |       |    54 |   225 |       ||   279
         Lance             |       |       |       |   193 |   565 ||   758
 Invoke: Call Merchant     |       |       |       |     2 |     4 ||     6
    Use: Potion            |       |       |     1 |    12 |     7 ||    20
         Scroll            |       |       |       |     1 |     5 ||     6
   Stab: Distracted        |       |       |     1 |     3 |     5 ||     9
 Armour: Scale mail        |     7 |    23 |       |       |       ||    30
         Chain mail        |       |     7 |    58 |   108 |       ||   173
         Plate armour      |       |       |       |    69 |       ||    69
         Storm dragon scal |       |       |       |   110 |    16 ||   126
         Crystal plate arm |       |       |       |       |   300 ||   300
  Dodge: Dodged            |    10 |    10 |    23 |   105 |    77 ||   225
  Block: Buckler           |     5 |     3 |     7 |    18 |    88 ||   121
         Reflection        |       |       |       |     1 |     6 ||     7
         Tower shield      |       |       |       |       |     4 ||     4
